Map: 粉红之都 - 天梯版

Players

反正我又不会玩 - Winner!

  • Race: Zerg Zerg
  • League: Grandmaster
  • Spawn Location: 7:00

llllllllllll

  • Race: Terran Terran
  • League: Grandmaster
  • Spawn Location: 1:00

VOD

Have the link to the VOD?

Description

Time

  • Played on: May 13, 2018, 10:33 a.m.
  • Length: 19:43
Show
View Real Time Build Order
Export as new Build Order

反正我又不会玩 Zerg - Winner!

Build Orders: Pool First 

Get SALT Encoding   

  12  0:01  Drone  
  13  0:11  Drone  
  14  0:18  Overlord  
  14  0:24  Extractor  
  14  0:25  Drone  
  15  0:36  Drone x2  
  17  0:51  Drone  
  17  0:53  Spawning Pool  
  17  1:10  Hatchery  
  16  1:13  Drone  
  16  1:16  Drone  
  18  1:19  Drone  
  19  1:35  Drone  
  20  1:40  Drone  
  20  1:45  Hatchery  
  20  1:51  Queen  
  22  1:57  Extractor  
  22  1:59  Overlord  
  21  2:03  Drone  
  22  2:22  Queen  
  22  2:23  Drone  
  22  2:24  Drone x2  
  27  2:31  Queen  
  27  2:35  Spore Crawler  
  28  2:40  Spore Crawler  
  28  2:43  Drone  
  28  2:46  Drone  
  31  2:54  Drone x3  
  31  2:58  Metabolic Boost  
  34  3:02  Drone x2  
  36  3:06  Drone  
  36  3:13  Drone  
  36  3:18  Overlord  
  36  3:19  Overlord  
  37  3:22  Overlord  
  37  3:36  Drone x4  
  37  3:37  Drone  
  37  3:38  Drone x3  
  45  3:43  Queen  
  45  3:44  Drone x3  
  50  3:48  Drone x2  
  52  3:57  Overlord  
  52  3:59  Drone x2  
  54  4:07  Queen x2  
  58  4:15  Drone x3  
  58  4:16  Drone  
  62  4:21  Hatchery  
  62  4:24  Zergling x8  
  62  4:30  Zergling x2  
  66  4:36  Overlord x2  
  66  4:37  Baneling Nest  
  65  4:40  Zergling x2  
  66  4:51  Overlord  
  66  4:53  Queen  
  66  4:54  Zergling x14  
  66  4:57  Evolution Chamber, Zergling x2  
  75  5:00  Evolution Chamber, Extractor  
  75  5:03  Drone x3  
  75  5:04  Zergling x2  
  77  5:08  Zergling x2  
  77  5:14  Zergling x8  
  82  5:23  Zergling x6  
  80  5:29  Zergling x2  
  80  5:30  Zergling x4  
  83  5:37  Zerg Ground Armor Level 1, Zerg Melee Weapons Level 1  
  83  5:41  Zergling x10  
  84  5:51  Zergling x2  
  84  5:52  Zergling x14  
  84  5:55  Zergling x4  
  94  5:58  Lair  
  94  5:59  Drone x2  
  94  6:02  Extractor x2  
  90  6:07  Zergling x6  
  90  6:08  Overlord, Zergling x6  
  90  6:09  Overlord x3  
  93  6:21  Drone x3  
  93  6:23  Overlord  
  93  6:24  Overlord x2  
  96  6:28  Drone x3  
  98  6:35  Zergling x6  
  98  6:36  Zergling x10  
  106  6:49  Drone x4  
  106  6:50  Drone x2  
  113  6:54  Zergling x6  
  113  6:55  Zergling x6  
  113  6:57  Centrifical Hooks  
  113  7:00  Zergling x4  
  120  7:03  Hatchery  
  118  7:14  Zergling x8  
  118  7:15  Zergling x16  
  128  7:16  Baneling x2  
  128  7:17  Baneling  
  128  7:18  Baneling x2  
  128  7:19  Baneling  
  128  7:21  Zergling x4  
  129  7:24  Zergling x4  
  129  7:27  Zergling x2  
  129  7:28  Zergling x4  
  129  7:29  Drone  
  136  7:30  Drone  
  136  7:32  Zerg Melee Weapons Level 2  
  136  7:37  Zerg Ground Armor Level 2  
  127  7:51  Zergling x10  
  127  7:52  Zergling x14  
  137  7:58  Infestation Pit  
  137  8:00  Spire  
  137  8:03  Drone x2  
  132  8:10  Drone  
  132  8:11  Drone x8  
  139  8:17  Overlord x2  
  133  8:29  Zergling x6  
  133  8:30  Zergling x18  
  144  8:34  Hive  
  144  8:42  Spore Crawler  
  144  8:43  Spore Crawler, Zergling x2  
  144  8:44  Zergling x10  
  148  8:49  Drone x2  
  148  8:50  Drone  
  151  9:01  Zergling x16  
  151  9:02  Hatchery, Zergling x2  
  147  9:17  Zergling x12  
  137  9:21  Zergling x2  
  137  9:22  Zergling x22  
  152  9:25  Zergling x8  
  133  9:40  Zergling x22  
  133  9:43  Baneling  
  133  9:44  Baneling x15  
  133  9:45  Baneling x6  
  143  9:47  Zergling x8  
  143  9:48  Zergling x4  
  143  9:49  Baneling  
  149  9:53  Zerg Melee Weapons Level 3  
  149  9:59  Zerg Ground Armor Level 3  
  149  10:01  Adrenal Glands  
  139  10:20  Zergling x28  
  139  10:21  Zergling x8  
  154  10:30  Drone x8  
  154  10:33  Baneling  
  154  10:34  Baneling x14  
  154  10:35  Baneling  
  162  10:48  Zergling x2  
  162  10:49  Zergling x18  
  146  10:51  Hatchery  
  146  10:52  Zergling x2  
  146  10:53  Zergling x6  
  119  11:05  Zergling x24  
  119  11:09  Baneling x13  
  130  11:20  Drone  
  130  11:22  Zergling x2  
  130  11:23  Zergling x18  
  141  11:28  Baneling x4  
  141  11:29  Baneling x6  
  141  11:30  Zergling x2  
  141  11:31  Zergling x6  
  145  11:33  Zergling x4  
  145  11:37  Zergling x2  
  122  11:45  Zergling x18  
  122  11:46  Zergling x8  
  133  11:48  Baneling x5  
  133  11:49  Baneling x4  
  128  11:58  Zergling x18  
  132  12:04  Zergling x2  
  132  12:05  Zergling x28  
  139  12:13  Zergling x2  
  139  12:14  Zergling x16  
  146  12:20  Zergling x2  
  146  12:21  Zergling x6  
  143  12:25  Zergling x2  
  143  12:26  Zergling x18  
  148  12:33  Drone x3  
  148  12:37  Baneling x13  
  146  12:38  Baneling x3  
  146  12:52  Zergling x22  
  146  12:53  Zergling x6  
  160  13:00  Drone  
  160  13:09  Zergling x6  
  160  13:10  Zergling x26  
  169  13:16  Zergling x2  
  169  13:17  Zergling x14  
  161  13:33  Drone x3  
  161  13:34  Drone, Zergling x2  
  163  13:35  Zergling x32  
  163  13:38  Baneling x11  
  163  13:39  Baneling x3  
  180  13:44  Zergling x2  
  180  13:45  Zergling x8  
  180  14:02  Zergling x24  
  176  14:06  Hatchery  
  171  14:11  Zergling x2  
  171  14:12  Zergling x30  
  182  14:17  Zergling x2  
  182  14:18  Overlord  
  182  14:19  Overlord x2  
  180  14:27  Zergling x18  
  176  14:35  Zergling x2  
  172  14:38  Zergling x2  
  173  14:49  Baneling  
  173  14:50  Baneling x21  
  173  14:51  Baneling x15  
  159  15:25  Baneling  
  159  15:26  Baneling x24  
  159  15:27  Baneling x2  
  159  15:28  Baneling  
  151  15:32  Hatchery  
  151  15:33  Drone x3  
  153  15:36  Zergling x14  
  153  15:37  Zergling x8  
  163  15:48  Zergling x24  
  163  15:49  Zergling x6  
  170  15:59  Zergling x10  
  170  16:00  Zergling x8  
  174  16:06  Zergling x2  
  174  16:07  Zergling x18  
  181  16:11  Baneling  
  181  16:12  Baneling x15  
  181  16:13  Baneling x3  
  181  16:14  Baneling  
  181  16:22  Baneling x4  
  181  16:23  Zergling x8  
  181  16:24  Zergling x16  
  141  16:47  Hatchery, Corruptor x2  
  141  16:53  Corruptor, Extractor  
  139  16:54  Extractor  
  139  16:55  Zergling x2  
  139  16:56  Zergling x30  
  156  17:01  Zergling x2  
  156  17:03  Corruptor  
  156  17:06  Drone x4  
  156  17:07  Drone x2  
  165  17:21  Zergling x2  
  161  17:28  Zergling x2  
  161  17:29  Zergling x16  
  161  17:32  Extractor  
  161  17:33  Zerg Flyer Weapons Level 1  
  161  17:34  Extractor  
  161  17:39  Zergling x2  
  161  17:40  Hatchery, Zergling x20  
  161  18:00  Zergling x2  
  161  19:35  Hatchery  
Show
View Real Time Build Order
Export as new Build Order

llllllllllll Terran 

Build Orders: Reaper Expand, MMM Bio 

Get SALT Encoding   

  12  0:00  SCV  
  13  0:13  SCV  
  14  0:17  Supply Depot  
  14  0:25  SCV  
  15  0:29  Refinery  
  15  0:41  Barracks  
  15  0:44  SCV  
  16  0:56  SCV  
  17  1:08  SCV  
  18  1:20  SCV  
  19  1:31  Reaper  
  19  1:32  Orbital Command  
  20  1:40  Command Center  
  20  1:51  Barracks  
  20  2:01  SCV  
  21  2:03  Barracks Reactor  
  21  2:13  SCV  
  22  2:18  Supply Depot  
  22  2:20  Refinery  
  22  2:25  SCV  
  23  2:30  Factory  
  23  2:39  SCV  
  23  2:41  Marine x2  
  23  2:42  Barracks Tech Lab  
  26  2:51  SCV  
  26  2:53  Orbital Command  
  27  3:00  Marine x2  
  27  3:02  Stimpack  
  27  3:03  Marine, SCV  
  31  3:15  Starport, SCV  
  31  3:18  SCV  
  32  3:22  Marine  
  32  3:25  Factory Reactor  
  33  3:28  SCV  
  33  3:32  SCV  
  33  3:33  Marine x2  
  37  3:40  Supply Depot, SCV  
  38  3:41  Marine  
  38  3:46  SCV  
  40  3:52  Supply Depot, Marine x2, SCV  
  43  3:58  SCV  
  43  3:59  Marine  
  45  4:04  Medivac x2, SCV  
  50  4:10  SCV  
  50  4:11  Marine x2  
  50  4:16  SCV  
  54  4:17  Marine  
  54  4:18  Supply Depot  
  54  4:23  SCV  
  56  4:28  SCV  
  56  4:29  Engineering Bay, Marine x2  
  59  4:32  Engineering Bay  
  59  4:34  Marine  
  59  4:35  Medivac  
  62  4:42  Widow Mine  
  64  4:46  Supply Depot  
  64  4:47  Marine x2  
  64  4:48  SCV x2  
  64  4:52  Marine  
  68  4:58  Terran Infantry Weapons Level 1  
  69  5:00  SCV  
  69  5:03  Supply Depot, Combat Shields  
  70  5:08  Marine x2, SCV  
  70  5:10  Marine  
  74  5:28  Marine x3  
  72  5:33  SCV x2  
  72  5:34  Terran Infantry Armor Level 1  
  75  5:38  Command Center, Factory Reactor  
  74  5:42  Supply Depot  
  74  5:43  Barracks  
  74  5:44  Barracks  
  74  5:45  Barracks  
  71  5:53  Marine x3  
  71  5:54  SCV x2  
  76  6:06  Refinery, Medivac x2  
  76  6:07  Refinery  
  76  6:08  Supply Depot  
  76  6:10  SCV x2  
  82  6:17  Marine x3  
  83  6:20  Widow Mine x2  
  87  6:29  Supply Depot  
  87  6:36  SCV x2  
  87  6:38  Armory, Marine x3  
  92  6:40  Barracks Reactor  
  92  6:49  Barracks Reactor x2  
  92  6:56  Marine x3  
  92  7:01  Orbital Command, Widow Mine x2  
  99  7:02  Medivac  
  99  7:05  Supply Depot  
  99  7:08  Supply Depot  
  101  7:13  Marine x2  
  101  7:14  Marine  
  104  7:22  Marine x2  
  106  7:24  Widow Mine x2  
  110  7:31  Marine x2  
  110  7:32  Marine x5  
  117  7:40  Marine x2  
  118  7:49  Marine x2  
  118  7:50  Orbital Command, Marauder, Concussive Shells, Marine x4  
  118  7:51  Terran Infantry Weapons Level 2, Terran Infantry Armor Level 2  
  124  7:58  Marine  
  123  8:00  Widow Mine x2  
  124  8:14  Marauder, Marine x6  
  124  8:18  SCV x3  
  135  8:23  Supply Depot x2  
  134  8:39  Marine x4  
  134  8:40  Marauder, Marine  
  141  8:44  Medivac, Marine x3, SCV  
  141  8:45  Widow Mine x2  
  151  8:52  Supply Depot  
  151  8:53  Supply Depot  
  151  8:54  Supply Depot  
  151  8:57  Marine  
  152  9:06  Marauder, Marine x4  
  152  9:09  Marine  
  157  9:11  Marine x2  
  157  9:13  SCV x3  
  157  9:15  Marine  
  153  9:25  SCV x3  
  132  9:40  Marauder, Marine x8  
  132  9:42  Widow Mine x2, Medivac x2  
  132  9:44  SCV x2  
  132  9:45  SCV  
  153  9:58  Marine x2  
  155  10:02  Marauder, Marine x6  
  162  10:12  Medivac x2  
  160  10:14  Terran Infantry Armor Level 3, Terran Infantry Weapons Level 3  
  160  10:16  Marine x2  
  160  10:20  Marine x2  
  164  10:28  Marauder, Marine x4  
  166  10:32  Widow Mine x2  
  166  10:33  Marine x2  
  176  10:37  Marine x2  
  178  10:46  Marine x2  
  169  10:50  Marauder, Marine x2  
  169  10:51  Medivac x2, Marine x2  
  169  10:55  Marine x2  
  168  11:04  Marine x2  
  142  11:05  Widow Mine x2  
  142  11:07  Marine x2  
  142  11:09  Marine x2  
  152  11:11  Marauder  
  152  11:12  Barracks  
  152  11:13  Barracks  
  152  11:14  SCV x3  
  152  11:16  Barracks, Command Center  
  156  11:24  Marine x4  
  160  11:25  Marine x2  
  160  11:27  Marine x2  
  160  11:32  Supply Depot  
  164  11:33  Marauder  
  139  11:50  Marine x4  
  139  11:51  Marine x4  
  143  11:54  Marauder  
  134  12:06  Marine x3  
  125  12:08  Marine x6  
  125  12:09  Marine x2  
  125  12:13  Widow Mine  
  125  12:14  Widow Mine  
  139  12:16  Marauder, Medivac  
  139  12:21  SCV x3  
  142  12:24  Marine x3  
  142  12:26  Marine x8  
  137  12:32  Medivac  
  137  12:37  Marauder  
  137  12:43  Barracks Tech Lab  
  137  12:44  Barracks Tech Lab  
  137  12:47  Barracks  
  137  12:51  Building Armor, Marine  
  137  12:52  Marine x4  
  137  12:53  Barracks  
  137  12:54  Barracks Tech Lab  
  137  12:57  Marine x3  
  146  12:58  Marauder  
  146  12:59  Widow Mine x2  
  150  13:06  Marine  
  150  13:07  Marauder  
  150  13:09  Marine x5  
  150  13:15  Marine x3  
  150  13:16  Marauder  
  142  13:20  Marauder  
  142  13:21  Planetary Fortress, Widow Mine x2  
  146  13:27  Marine x5  
  146  13:28  Marauder  
  151  13:38  SCV x3  
  154  13:44  Refinery, Sensor Tower  
  154  13:48  Sensor Tower  
  154  13:52  Barracks Reactor  
  154  13:54  Supply Depot  
  152  13:58  Marauder, Widow Mine x2, Marine x4  
  152  13:59  Marauder x2  
  143  14:05  Marine x2  
  143  14:06  Marauder, Marine x2  
  146  14:16  Marine x3  
  140  14:20  Marauder  
  140  14:24  Orbital Command, Marine x5  
  126  14:34  Marine x3  
  113  14:41  Marauder  
  113  14:42  Marine x5  
  114  14:52  Marine x3  
  112  15:00  Marine x5  
  112  15:02  Widow Mine, Medivac  
  112  15:03  Marauder, Widow Mine, Medivac  
  127  15:09  Marine x3  
  129  15:17  Marine x4  
  129  15:33  Marine x4  
  129  15:34  Marauder  
  129  15:35  Widow Mine x2, Marine x4  
  141  15:45  Orbital Command  
  141  15:56  Marine x2  
  141  15:57  Marauder, Marine x4  
  120  16:04  Marine x2  
  120  16:08  SCV  
  120  16:10  SCV  
  103  16:14  Marine x6  
  108  16:18  Marauder  
  108  16:20  SCV  
  104  16:32  SCV  
  101  16:39  Orbital Command  
  73  16:40  Marauder  
  73  16:44  SCV  
  73  16:52  Marine x5  
  73  16:53  Marine  
  71  16:56  SCV  
  71  17:01  Marauder  
  74  17:06  Widow Mine x2  
  78  17:16  Marine  
  78  17:22  Marauder  
  73  17:27  Widow Mine  
  73  17:28  Widow Mine  
Tags
 
Add a new tag
Caveats
  • Supply blocks, unpowered buildings, or Contaminate may cause inaccurate times.
  • Supply counts are checked every 10 seconds.